TOP OF THE 1ST |
Indiana Hounds batting - Pitching for Birmingham Barons : RHP Pete Cook
|
Pitching: RHP Pete Cook
|
|
Batting: RHB Víctor Chávez
|
0-0: Ball 1-0: Called Strike 1-1: Ball 2-1: Ball 3-1: Foul Ball, location: 2F 3-2: Base on Balls
|
Batting: LHB Clint Parkinson
|
0-0: Ball 1-0: Foul Ball, location: 2F 1-1: Swinging Strike 1-2: Strikes out swinging
|
Batting: RHB Doug Murray
|
0-0: Ball 1-0: Foul Ball, location: 2F 1-1: Foul Ball, location: 2F 1-2: Strikes out swinging
|
Batting: LHB Dave Helásquez
|
0-0: Swinging Strike 0-1: Ball Wild Pitch! Víctor Chávez to second 1-1: Called Strike 1-2: Strikes out swinging
|
Top of the 1st over - 0 run(s), 0 hit(s), 0 error(s), 1 left on base; Indiana 0 - Birmingham 0 |
BOTTOM OF THE 1ST |
Birmingham Barons batting - Pitching for Indiana Hounds : RHP José Morán
|
Pitching: RHP José Morán
|
|
Batting: SHB Anastasio Ortíz
|
0-0: Ball 1-0: Ball 2-0: Called Strike 2-1: SINGLE (Groundball, 3D)
|
Batting: LHB Curt Walker
|
0-0: Ball 1-0: Swinging Strike 1-1: Swinging Strike 1-2: Strikes out swinging
|
Batting: LHB Ashley Pickhills
|
0-0: Ball Anastasio Ortíz steals 2nd base 1-0: Called Strike 1-1: Ball 2-1: Foul Ball, location: 2F 2-2: Foul Ball, location: 2F 2-2: Foul Ball, location: 2F 2-2: Foul Ball, location: 2F 2-2: Ball 3-2: DOUBLE (Flyball, 78M) Anastasio Ortíz scores
|
Batting: LHB Marc May
|
0-0: Ball 1-0: DOUBLE (Groundball, 3L) Ashley Pickhills scores
|
Batting: RHB Todd Rogers
|
0-0: Fly out, F9 (Flyball, 9S)
|
Batting: RHB Manny Sánchez
|
0-0: Foul Ball, location: 2F 0-1: Foul Ball, location: 2F 0-2: Ball 1-2: Ball 2-2: Strikes out swinging
|
Bottom of the 1st over - 2 run(s), 3 hit(s), 0 error(s), 1 left on base; Indiana 0 - Birmingham 2 |
TOP OF THE 2ND |
Indiana Hounds batting - Pitching for Birmingham Barons : RHP Pete Cook
|
Batting: RHB Shawn Marshall
|
0-0: Ball 1-0: Called Strike 1-1: Ground out 4-3 (Groundball, 4)
|
Batting: LHB Dave Watson
|
0-0: Ball 1-0: Called Strike 1-1: Foul Ball, location: 2F 1-2: Foul Ball, location: 2F 1-2: Foul Ball, location: 2F 1-2: Strikes out swinging
|
Batting: RHB Juan Brieno
|
0-0: Ball 1-0: Ball 2-0: Called Strike 2-1: Foul Ball, location: 2F 2-2: Ball 3-2: Base on Balls
|
Batting: RHB António Venecia
|
0-0: Ball 1-0: Called Strike 1-1: Foul Ball, location: 2F 1-2: Strikes out looking
|
Top of the 2nd over - 0 run(s), 0 hit(s), 0 error(s), 1 left on base; Indiana 0 - Birmingham 2 |
BOTTOM OF THE 2ND |
Birmingham Barons batting - Pitching for Indiana Hounds : RHP José Morán
|
Batting: RHB Vicente Carona
|
0-0: Called Strike 0-1: Ball 1-1: Ball 2-1: Swinging Strike 2-2: Foul Ball, location: 2F 2-2: Ball 3-2: Foul Ball, location: 2F 3-2: Strikes out swinging
|
Batting: RHB Mario Hernández
|
0-0: Foul Ball, location: 2F 0-1: Foul Ball, location: 2F 0-2: Strikes out swinging
|
Batting: RHB Paço Ttes
|
0-0: Called Strike 0-1: Ball 1-1: SINGLE (Flyball, 8LS)
|
Batting: SHB Anastasio Ortíz
|
0-0: Ball 1-0: Ball 2-0: Called Strike 2-1: Foul Ball, location: 2F 2-2: Ball 3-2: SINGLE (Flyball, 7S) Paço Ttes to second Paço Ttes to third
|
Batting: LHB Curt Walker
|
0-0: Ball 1-0: Ball 2-0: Foul Ball, location: 2F 2-1: Ball 3-1: Ground out 6-3 (Groundball, 6)
|
Bottom of the 2nd over - 0 run(s), 2 hit(s), 0 error(s), 2 left on base; Indiana 0 - Birmingham 2 |
TOP OF THE 3RD |
Indiana Hounds batting - Pitching for Birmingham Barons : RHP Pete Cook
|
Batting: RHB Carlos Moya
|
0-0: Foul Ball, location: 2F 0-1: Hit by Pitch
|
Batting: RHB Víctor Chávez
|
0-0: Ball 1-0: Swinging Strike 1-1: Ball 2-1: Foul Ball, location: 2F 2-2: Foul Ball, location: 2F 2-2: Strikes out swinging
|
Batting: LHB Clint Parkinson
|
0-0: Fly out, F8 (Flyball, 78M)
|
Batting: RHB Doug Murray
|
0-0: Ball 1-0: Foul Ball, location: 2F 1-1: Called Strike 1-2: Ball 2-2: Strikes out looking
|
Top of the 3rd over - 0 run(s), 0 hit(s), 0 error(s), 1 left on base; Indiana 0 - Birmingham 2 |
BOTTOM OF THE 3RD |
Birmingham Barons batting - Pitching for Indiana Hounds : RHP José Morán
|
Batting: LHB Ashley Pickhills
|
0-0: Called Strike 0-1: Swinging Strike 0-2: Ball 1-2: Ball 2-2: Foul Ball, location: 2F 2-2: SOLO HOME RUN (Flyball, 8RXD), Distance : 427 ft
|
Batting: LHB Marc May
|
0-0: Ball 1-0: Ground out 6-3 (Groundball, 6M)
|
Batting: RHB Todd Rogers
|
0-0: Swinging Strike 0-1: Ball 1-1: Fly out, F3 (Popup, 3DF)
|
Batting: RHB Manny Sánchez
|
0-0: Foul Ball, location: 2F 0-1: Ground out 1-3 (Groundball, 23)
|
Bottom of the 3rd over - 1 run(s), 1 hit(s), 0 error(s), 0 left on base; Indiana 0 - Birmingham 3 |
TOP OF THE 4TH |
Indiana Hounds batting - Pitching for Birmingham Barons : RHP Pete Cook
|
Batting: LHB Dave Helásquez
|
0-0: Foul Ball, location: 2F 0-1: Fly out, F8 (Line Drive, 8RS)
|
Batting: RHB Shawn Marshall
|
0-0: Ball 1-0: Ball 2-0: Called Strike 2-1: Foul Ball, location: 2F 2-2: Hit by Pitch
|
Batting: LHB Dave Watson
|
0-0: Ball 1-0: Foul Ball, location: 2F 1-1: Ball 2-1: Foul Ball, location: 2F 2-2: Strikes out swinging
|
Batting: RHB Juan Brieno
|
0-0: Called Strike 0-1: Ball 1-1: Foul Ball, location: 2F 1-2: Ball Shawn Marshall steals 2nd base 2-2: Strikes out looking
|
Top of the 4th over - 0 run(s), 0 hit(s), 0 error(s), 1 left on base; Indiana 0 - Birmingham 3 |
BOTTOM OF THE 4TH |
Birmingham Barons batting - Pitching for Indiana Hounds : RHP José Morán
|
Batting: RHB Vicente Carona
|
0-0: Ball 1-0: Called Strike 1-1: Foul Ball, location: 2F 1-2: Ground out 6-3 (Groundball, 6M)
|
Batting: RHB Mario Hernández
|
0-0: Fly out, F5 (Line Drive, 5)
|
Batting: RHB Paço Ttes
|
0-0: Called Strike 0-1: Called Strike 0-2: Foul Ball, location: 2F 0-2: Ball 1-2: Strikes out swinging
|
Bottom of the 4th over - 0 run(s), 0 hit(s), 0 error(s), 0 left on base; Indiana 0 - Birmingham 3 |
TOP OF THE 5TH |
Indiana Hounds batting - Pitching for Birmingham Barons : RHP Pete Cook
|
Batting: RHB António Venecia
|
0-0: Fly out, F9 (Flyball, 9M)
|
Batting: RHB Carlos Moya
|
0-0: Called Strike 0-1: Swinging Strike 0-2: Strikes out looking
|
Batting: RHB Víctor Chávez
|
0-0: Called Strike 0-1: Foul Ball, location: 2F 0-2: DOUBLE (Flyball, 8RM)
|
Batting: LHB Clint Parkinson
|
0-0: Swinging Strike 0-1: Swinging Strike 0-2: Strikes out swinging
|
Top of the 5th over - 0 run(s), 1 hit(s), 0 error(s), 1 left on base; Indiana 0 - Birmingham 3 |
BOTTOM OF THE 5TH |
Birmingham Barons batting - Pitching for Indiana Hounds : RHP José Morán
|
Batting: SHB Anastasio Ortíz
|
0-0: Ball 1-0: Fly out, F7 (Flyball, 7M)
|
Batting: LHB Curt Walker
|
0-0: Ball 1-0: Ball 2-0: SINGLE (Groundball, 6MD) (infield hit)
|
Batting: LHB Ashley Pickhills
|
0-0: Called Strike 0-1: Ball 1-1: Ball 2-1: Foul Ball, location: 2F 2-2: Ground out 6-3 (Groundball, 6S) Curt Walker to second
|
Batting: LHB Marc May
|
0-0: Ball 1-0: Called Strike 1-1: Ball 2-1: Foul Ball, location: 2F 2-2: Strikes out swinging
|
Bottom of the 5th over - 0 run(s), 1 hit(s), 0 error(s), 1 left on base; Indiana 0 - Birmingham 3 |
TOP OF THE 6TH |
Indiana Hounds batting - Pitching for Birmingham Barons : RHP Pete Cook
|
Batting: RHB Doug Murray
|
0-0: Called Strike 0-1: Ball 1-1: Called Strike 1-2: Ball 2-2: Foul Ball, location: 2F 2-2: Ball 3-2: Base on Balls
|
Batting: LHB Dave Helásquez
|
0-0: Ball 1-0: Foul Ball, location: 2F 1-1: Ball 2-1: 2-RUN HOME RUN (Flyball, 7D), Distance : 347 ft
|
Batting: RHB Shawn Marshall
|
0-0: Foul Ball, location: 2F 0-1: Foul Ball, location: 2F 0-2: Strikes out swinging
|
Batting: LHB Dave Watson
|
0-0: Called Strike 0-1: Ground out 1-3 (Groundball, 13S)
|
Batting: RHB Juan Brieno
|
0-0: Called Strike 0-1: Foul Ball, location: 2F 0-2: Ball 1-2: Strikes out swinging
|
Top of the 6th over - 2 run(s), 1 hit(s), 0 error(s), 0 left on base; Indiana 2 - Birmingham 3 |
BOTTOM OF THE 6TH |
Birmingham Barons batting - Pitching for Indiana Hounds : RHP José Morán
|
Batting: RHB Todd Rogers
|
0-0: Ball 1-0: Ball 2-0: Reached on error, E6 (Groundball, 56)
|
Batting: RHB Manny Sánchez
|
0-0: Called Strike 0-1: Swinging Strike 0-2: Fly out, F8 (Flyball, 78XD)
|
Batting: RHB Vicente Carona
|
0-0: Called Strike 0-1: Swinging Strike 0-2: Strikes out looking
|
Batting: RHB Mario Hernández
|
0-0: Fielders Choice at 2nd, U6 (Groundball, 6M)
|
Bottom of the 6th over - 0 run(s), 0 hit(s), 1 error(s), 1 left on base; Indiana 2 - Birmingham 3 |
TOP OF THE 7TH |
Indiana Hounds batting - Pitching for Birmingham Barons : RHP Pete Cook
|
Batting: RHB António Venecia
|
0-0: Ball 1-0: Ball 2-0: Ball 3-0: Base on Balls
|
Pitching: LHP Manuel Soto
|
|
Pinch Hitting: RHB Yoshihide Takahashi
|
0-0: Bunted foul 0-1: Sac Bunt - play at first, batter OUT! 5-4 António Venecia to second
|
Batting: RHB Víctor Chávez
|
0-0: Ball 1-0: Called Strike 1-1: Fly out, F7 (Flyball, 7D) Runner from 2nd tags up, SAFE at 3rd, no throw
|
Pinch Hitting: RHB Danny Walker
|
0-0: Ball 1-0: Ball 2-0: Called Strike 2-1: Foul Ball, location: 2F 2-2: Foul Ball, location: 2F 2-2: Foul Ball, location: 2F 2-2: Ball 3-2: Strikes out swinging
|
Top of the 7th over - 0 run(s), 0 hit(s), 0 error(s), 1 left on base; Indiana 2 - Birmingham 3 |
BOTTOM OF THE 7TH |
Birmingham Barons batting - Pitching for Indiana Hounds : RHP José Morán
|
Pitching: LHP Keith Hill
|
|
Now at 3B: Juan Brito
|
|
Now in RF: Yoshihide Takahashi
|
|
Batting: RHB Paço Ttes
|
0-0: Foul Ball, location: 2F 0-1: SOLO HOME RUN (Line Drive, 7LD), Distance : 357 ft
|
Batting: SHB Anastasio Ortíz
|
0-0: Ball 1-0: Foul Ball, location: 2F 1-1: Ground out 4-3 (Groundball, 4)
|
Batting: LHB Curt Walker
|
0-0: Ball 1-0: Foul Ball, location: 2F 1-1: Ball 2-1: Ball 3-1: Base on Balls
|
Batting: LHB Ashley Pickhills
|
0-0: Called Strike 0-1: Called Strike Curt Walker is caught stealing 2nd base 0-2: Strikes out swinging
|
Bottom of the 7th over - 1 run(s), 1 hit(s), 0 error(s), 0 left on base; Indiana 2 - Birmingham 4 |
TOP OF THE 8TH |
Indiana Hounds batting - Pitching for Birmingham Barons : LHP Manuel Soto
|
Now at 1B: Juan Jiménez
|
|
Batting: RHB Doug Murray
|
0-0: Called Strike 0-1: Ball 1-1: Foul Ball, location: 2F 1-2: Strikes out swinging
|
Batting: LHB Dave Helásquez
|
0-0: Ball 1-0: Ball 2-0: Called Strike 2-1: Called Strike 2-2: Strikes out swinging
|
Batting: RHB Shawn Marshall
|
0-0: Ball 1-0: Foul Ball, location: 2F 1-1: Foul Ball, location: 2F 1-2: Foul Ball, location: 2F 1-2: Ball 2-2: Ground out 5-3 (Groundball, 5L)
|
Top of the 8th over - 0 run(s), 0 hit(s), 0 error(s), 0 left on base; Indiana 2 - Birmingham 4 |
BOTTOM OF THE 8TH |
Birmingham Barons batting - Pitching for Indiana Hounds : LHP Keith Hill
|
Batting: LHB Marc May
|
0-0: Ground out U3 (Groundball, 3)
|
Batting: RHB Todd Rogers
|
0-0: Ball 1-0: Called Strike 1-1: Ball 2-1: Foul Ball, location: 2F 2-2: Ball 3-2: Strikes out looking
|
Batting: RHB Manny Sánchez
|
0-0: Called Strike 0-1: Ball 1-1: Ball 2-1: Foul Ball, location: 2F 2-2: Foul Ball, location: 2F 2-2: Foul Ball, location: 2F 2-2: Ball 3-2: Foul Ball, location: 2F 3-2: Base on Balls
|
Batting: RHB Vicente Carona
|
0-0: Ball 1-0: Fielders Choice at 2nd, 5-4 (Groundball, 56)
|
Bottom of the 8th over - 0 run(s), 0 hit(s), 0 error(s), 0 left on base; Indiana 2 - Birmingham 4 |
TOP OF THE 9TH |
Indiana Hounds batting - Pitching for Birmingham Barons : LHP Manuel Soto
|
Pitching: RHP Jim Hicks
|
|
Batting: LHB Dave Watson
|
0-0: Ball 1-0: Ball 2-0: Ball 3-0: Called Strike 3-1: Base on Balls
|
Batting: RHB Juan Brieno
|
0-0: DOUBLE (Flyball, 9D) Dave Watson to third
|
Batting: RHB António Venecia
|
0-0: Ball 1-0: Ball 2-0: Ground out 6-3 (Groundball, 56) Dave Watson scores
|
Batting: RHB Yoshihide Takahashi
|
0-0: Ball 1-0: Ball 2-0: Ball 3-0: Base on Balls
|
Batting: RHB Víctor Chávez
|
0-0: Swinging Strike 0-1: SINGLE (Line Drive, 9S) Juan Brieno to third Yoshihide Takahashi to second
|
Pinch Hitting: RHB Paco Castillo
|
0-0: Ball 1-0: Ball 2-0: SINGLE (Groundball, 56D) Juan Brieno scores Yoshihide Takahashi to third Víctor Chávez to second Runner from 3rd tries for Home, SAFE, no throw or cutoff
|
Pitching: RHP Pedro Valdés
|
|
Batting: RHB Doug Murray
|
0-0: Ball Víctor Chávez steals 3rd base Paco Castillo to second 1-0: Called Strike 1-1: Ball 2-1: Called Strike 2-2: SINGLE (Line Drive, 8LS) Víctor Chávez scores Paco Castillo to third Runner from 3rd tries for Home, SAFE, no throw or cutoff
|
Batting: LHB Dave Helásquez
|
0-0: Swinging Strike 0-1: Ball 1-1: Ball 2-1: Ball Doug Murray steals 2nd base 3-1: Base on Balls
|
Batting: RHB Shawn Marshall
|
0-0: Ball 1-0: Called Strike 1-1: Foul Ball, location: 2F 1-2: Strikes out swinging
|
Batting: LHB Dave Watson
|
0-0: Foul Ball, location: 2F 0-1: Swinging Strike 0-2: Ground out U3 (Groundball, 3S)
|
Top of the 9th over - 5 run(s), 4 hit(s), 0 error(s), 2 left on base; Indiana 7 - Birmingham 4 |
BOTTOM OF THE 9TH |
Birmingham Barons batting - Pitching for Indiana Hounds : LHP Keith Hill
|
Pitching: LHP Pedro Torres
|
|
Now in LF: Paco Castillo
|
|
Batting: RHB Mario Hernández
|
0-0: Ball 1-0: SINGLE (Line Drive, 8RS)
|
Batting: RHB Paço Ttes
|
0-0: Ball 1-0: Called Strike 1-1: Foul Ball, location: 2F 1-2: Strikes out looking
|
Batting: RHB Juan Jiménez
|
0-0: Ball 1-0: Ground out 6-3 (Groundball, 6S) Mario Hernández to second
|
Batting: LHB Curt Walker
|
0-0: Called Strike 0-1: Called Strike 0-2: Strikes out swinging
|
Bottom of the 9th over - 0 run(s), 1 hit(s), 0 error(s), 1 left on base; Indiana 7 - Birmingham 4 |
|